 Dungeon Crawl Stone Soup version 0.22.1-2-g9c5b331 (webtiles) character file.

2825 nuthulu the Thaumaturge (level 9, -3/45 HPs)
             Began as a Deep Elf Fire Elementalist on Jan 1, 2019.
             Was an Elder of Sif Muna.
             Slain by a hog (11 damage)
             ... on level 7 of the Dungeon.
             The game lasted 00:29:16 (9369 turns).

nuthulu the Thaumaturge (DEFE)                      Turns: 9369, Time: 00:29:17

Health: -3/45      AC:  8    Str:  5    XL:     9   Next: 45%
Magic:  16/25      EV: 13    Int: 24    God:    Sif Muna [****..]
Gold:   195        SH:  0    Dex: 19    Spells: 8/29 levels left

rFire    . . .     SeeInvis .   x - +4 dagger
rCold    + + +     Gourm    +   (no shield)
rNeg     + + .     Faith    .   a - +0 robe
rPois    .         Spirit   .   u - +0 helmet
rElec    +         Reflect  .   (no cloak)
rCorr    .         Harm     .   e - +2 pair of gloves
MR       .....                  d - +1 pair of boots "Yduoth Elegi" {*Contam rElec rC+++ rN++}
Stlth    ++........             t - amulet of the gourmand
HPRegen  0.15/turn              j - +4 ring of dexterity
MPRegen  0.19/turn              (no ring)

@: no status effects
A: no striking features
a: Divine Energy, Channel Magic, Forget Spell, Renounce Religion


You were on level 7 of the Dungeon.
You worshipped Sif Muna.
Sif Muna was greatly pleased with you.
You were completely stuffed.

You visited 1 branch of the dungeon, and saw 7 of its levels.
You also visited: Sewer.

You collected 320 gold pieces.
You spent 125 gold pieces at shops.

Inventory:

Hand Weapons
 x - a +4 dagger (weapon)
Armour
 a - a +0 robe (worn)
 d - the +1 pair of boots "Yduoth Elegi" (worn) {*Contam rElec rC+++ rN++}
   (You found it on level 7 of the Dungeon)

   It renders you almost immune to cold.
   It insulates you from electricity.
   It greatly protects you from negative energy.
   It causes magical contamination when unequipped.
 e - a +2 pair of gloves (worn)
 u - a +0 helmet (worn)
Jewellery
 j - a +4 ring of dexterity (left hand)
 t - an amulet of the gourmand (around neck)
 v - a cursed ring of attention {unknown}
Wands
 b - a wand of enslavement (16)
 w - a wand of paralysis (16)
 B - a wand of random effects (17)
Scrolls
 g - a scroll of magic mapping
 n - 4 scrolls of fog
 q - 6 scrolls of teleportation
 r - a scroll of blinking
 y - a scroll of amnesia
 z - a scroll of remove curse
 A - a scroll of fear
Potions
 f - 2 potions of flight
 h - a potion of lignification
 i - a potion of invisibility {unknown}
 k - a potion of resistance
 l - 2 potions of magic
 m - a potion of brilliance
 o - a potion of heal wounds
 p - 4 potions of curing
 s - 2 potions of cancellation
Comestibles
 c - 8 rations


   Skills:
 - Level 0.1 Fighting
 - Level 2.4 Dodging
 - Level 2.4 Stealth
 + Level 10.9 Spellcasting
 + Level 7.7 Conjurations
 + Level 8.8 Fire Magic


You had 8 spell levels left.
You knew the following spells:

 Your Spells              Type           Power        Failure   Level  Hunger
a - Flame Tongue          Conj/Fire      #####        1%          1    None
b - Conjure Flame         Conj/Fire      ######..     1%          3    None
c - Inner Flame           Hex/Fire       ####....     2%          3    None
d - Throw Flame           Conj/Fire      ######       1%          2    None
e - Sticky Flame          Conj/Fire      ######..     1%          4    None
f - Fireball              Conj/Fire      ######....   4%          5    ####...
g - Regeneration          Chrm/Necr      ##........   14%         3    None

Your spell library contained the following spells:

 Spells                   Type           Power        Failure   Level  Hunger
 Infusion                 Chrm           ##..         4%          1    None
 Shroud of Golubria       Chrm/Tloc      ##........   8%          2    None
 Song of Slaying          Chrm           ##......     8%          2    None
 Spectral Weapon          Hex/Chrm       ##......     14%         3    None


Dungeon Overview and Level Annotations

Branches:
Dungeon (7/15)             Temple (0/1) D:6

Altars:
Fedhas
Gozag
Makhleb
Ru
Sif Muna

Shops:
D:4 *   D:6 [

Annotations:
D:4 2 runed doors, tognito's ghost, amateur MiBe


Message History

Casting: Sticky Flame (safe; 1% risk of failure)
Confirm with . or Enter, or press ? or * to list all spells.
Aiming: Sticky Flame (safe; 1% risk of failure)
Press: ? - help, Shift-Dir - straight line, f - hog
Aim: a hog The sticky flame hits the hog.
The hog is moderately wounded.
The hog is covered in liquid flames!
The hog burns!
The hog bites you!
* * * LOW HITPOINT WARNING * * *
The hog burns!
You see here a ration.
The hog burns!
You see here 2 rations.
The hog burns!
The hog misses you. The hog closely misses you.
You see here 2 rations.
The hog burns!
The hog bites you.
* * * LOW HITPOINT WARNING * * *
The hog burns!
The hog barely misses you.
The hog burns!
The hog bites you!
You die...

#...#
####...#
#......#
#.##...#
#)########
#.##.....#
#.##.....#
#.####'###
#..#.@h.%#
#..'...%%#
##.#######
###


You could see a hog (burning).

Vanquished Creatures
  Sigmund (D:3)
  A human (D:7)
  2 hogs (D:7)
  A yak (D:7)
  Menkaure (D:5)
  2 phantoms
  A sky beast (D:7)
  An ice beast (D:5)
  A necrophage (D:6)
  4 centaurs
  2 bullfrogs (D:6)
  2 scorpions
  2 killer bees (D:7)
  2 crimson imps
  A centaur skeleton (D:6)
  4 orc wizards
  4 orc priests (D:4)
  3 jellies
  A bullfrog skeleton (D:5)
  Ijyb (D:3)
  5 worker ants
  2 worker ant zombies
  6 gnolls
  7 adders
  6 river rats
  A shadow imp (D:5)
  An adder skeleton (D:7)
  4 worms
  4 dart slugs
  5 leopard geckos
  18 orcs
  4 ball pythons
  7 bats
  3 giant cockroaches
  7 goblins
  6 hobgoblins
  3 jackals (D:5)
  4 kobolds
  6 quokkas
  16 frilled lizards
  19 rats
171 creatures vanquished.

Notes
Turn   | Place    | Note
-------+----------+-------------------------------------------
     0 | D:1      | nuthulu the Deep Elf Fire Elementalist began the quest for
                  | the Orb.
     0 | D:1      | Reached XP level 1. HP: 10/10 MP: 6/6
   197 | D:1      | Reached XP level 2. HP: 15/15 MP: 6/8
  1191 | D:2      | Reached XP level 3. HP: 19/19 MP: 5/10
  1196 | D:2      | Learned a level 3 spell: Conjure Flame
  1200 | D:2      | Learned a level 3 spell: Inner Flame
  1206 | D:2      | Learned a level 2 spell: Throw Flame
  1206 | D:2      | Found a deep blue altar of Sif Muna.
  1253 | D:2      | Became a worshipper of Sif Muna the Loreminder
  1521 | D:2      | Found an opulent altar of Gozag.
  1683 | D:2      | Reached skill level 4 in Spellcasting
  1816 | D:2      | Reached XP level 4. HP: 24/24 MP: 8/12
  2551 | D:3      | Noticed Ijyb
  2566 | D:3      | Killed Ijyb
  2646 | D:3      | Found a blossoming altar of Fedhas.
  2803 | D:3      | Reached skill level 5 in Spellcasting
  3002 | D:3      | Reached XP level 5. HP: 28/28 MP: 11/14
  3027 | D:3      | Learned a level 4 spell: Sticky Flame
  3118 | D:3      | Noticed Sigmund
  3125 | D:3      | Killed Sigmund
  3125 | D:3      | Reached skill level 5 in Fire Magic
  3125 | D:3      | Reached XP level 6. HP: 32/32 MP: 5/16
  3348 | D:4      | Reached skill level 6 in Spellcasting
  3376 | D:4      | Reached * piety under Sif Muna
  3824 | D:4      | Found a glowing drain.
  3902 | Sewer    | Entered a sewer
  4526 | D:4      | Found a large runed door.
  4526 | D:4      | Found a large runed door.
  4529 | D:4      | Noticed tognito's ghost (amateur MiBe)
  4535 | D:4      | Reached XP level 7. HP: 28/36 MP: 13/19
  5013 | D:4      | Found Qemiddu's Assorted Antiques.
  5017 | D:4      | Bought a thin cabochon amulet for 125 gold pieces
  5146 | D:4      | Reached skill level 7 in Spellcasting
  5178 | D:4      | Learned a level 5 spell: Fireball
  5356 | D:5      | Entered Level 5 of the Dungeon
  5391 | D:5      | Reached ** piety under Sif Muna
  5562 | D:5      | Found a sacrificial altar of Ru.
  5565 | D:5      | Reached skill level 5 in Conjurations
  5796 | D:5      | Found a burning altar of Makhleb.
  5801 | D:5      | Reached skill level 8 in Spellcasting
  5801 | D:5      | Noticed Menkaure
  5804 | D:5      | Killed Menkaure
  5804 | D:5      | Reached XP level 8. HP: 41/41 MP: 11/22
  6604 | D:6      | Found Cyteitucad's Antique Armour Emporium.
  6801 | D:6      | Found a staircase to the Ecumenical Temple.
  6802 | D:6      | Reached skill level 9 in Spellcasting
  6827 | D:6      | Reached *** piety under Sif Muna
  8362 | D:7      | Reached XP level 9. HP: 35/45 MP: 18/24
  8495 | D:7      | Learned a level 3 spell: Regeneration
  8637 | D:7      | Reached skill level 10 in Spellcasting
  8991 | D:7      | Got a pair of shimmering boots
  8994 | D:7      | Identified the +1 pair of boots "Yduoth Elegi" {*Contam
                  | rElec rC+++ rN++} (You found it on level 7 of the Dungeon)
  9220 | D:7      | Reached **** piety under Sif Muna
  9369 | D:7      | Slain by a hog

Skill      XL: |  1  2  3  4  5  6  7  8  9 |
---------------+----------------------------+-----
Fire Magic     | 4 5 7 8 |  8.8
Spellcasting   | 4 5 6 8 9 10 | 10.9
Conjurations   | 2 3 4 5 6 7 |  7.7
Fighting       | |  0.1
Dodging        | |  2.4
Stealth        | |  2.4

Action                   |  1- 3 |  4- 6 |  7- 9 || total
-------------------------+-------+-------+-------++-------
Melee: Unarmed           |     1 |    27 |       ||    28
       Dagger            |       |       |    92 ||    92
 Cast: Flame Tongue      |    62 |   123 |   160 ||   345
       Throw Flame       |     7 |     8 |    15 ||    30
       Conjure Flame     |       |     2 |     2 ||     4
       Fireball          |       |       |     4 ||     4
       Sticky Flame      |       |       |    12 ||    12
       Regeneration      |       |       |     1 ||     1
  Use: Scroll            |     6 |     8 |    10 ||    24
       Potion            |     2 |     5 |     3 ||    10
  Eat: Chunk             |     3 |     8 |    26 ||    37
Armor: Robe              |    14 |    17 |    42 ||    73
       Skin              |       |     8 |       ||     8
Dodge: Dodged            |    42 |    49 |   130 ||   221
